Map: [ESL] Data-C

Players

MaNa

  • Race: Protoss Protoss
  • Spawn Location: 3:00

Solar - Winner!

  • Race: Zerg Zerg
  • Spawn Location: 9:00

Event: DreamHack SC2 Masters 2022 Valencia

VOD

Have the link to the VOD?

Description

Time

  • Played on: July 1, 2022, 10:46 a.m.
  • Length: 8:26

All games in this series

Show
View Real Time Build Order
Export as new Build Order

MaNa Protoss 

Build Orders: 1 Gate Expand, Oracle Opening, Zealot Archon 

Get SALT Encoding   

  12  0:00  Probe  
  13  0:12  Probe  
  14  0:19  Pylon  
  14  0:24  Probe  
  15  0:38  Probe (Chrono Boost)  
  16  0:43  Gateway  
  16  0:46  Probe (Chrono Boost)  
  17  0:50  Assimilator  
  17  0:52  Probe  
  18  1:04  Probe (Chrono Boost)  
  19  1:13  Probe (Chrono Boost)  
  20  1:18  Probe (Chrono Boost)  
  21  1:30  Nexus  
  21  1:40  Cybernetics Core  
  21  1:46  Assimilator  
  21  1:51  Pylon  
  21  1:54  Probe  
  22  2:06  Probe  
  23  2:14  Adept (Chrono Boost)  
  23  2:17  Stargate  
  23  2:18  Probe  
  26  2:26  Warp Gate  
  26  2:30  Probe  
  27  2:38  Stalker  
  27  2:42  Probe x2  
  30  2:54  Probe x2  
  32  3:00  Oracle (Chrono Boost)  
  35  3:06  Probe  
  35  3:07  Probe  
  37  3:18  Probe  
  37  3:19  Probe  
  39  3:30  Nexus  
  39  3:33  Probe  
  40  3:34  Oracle  
  43  3:42  Probe  
  43  3:45  Probe  
  43  3:47  Gateway  
  44  3:55  Pylon  
  44  3:57  Probe, Twilight Council  
  44  3:59  Probe  
  46  4:09  Probe (Chrono Boost)  
  46  4:13  Probe (Chrono Boost)  
  46  4:16  Adept  
  49  4:21  Probe (Chrono Boost)  
  51  4:25  Probe (Chrono Boost)  
  51  4:28  Pylon, Probe (Chrono Boost)  
  51  4:30  Probe (Chrono Boost)  
  53  4:32  Blink (Chrono Boost)  
  53  4:33  Gateway  
  53  4:35  Gateway  
  53  4:37  Probe  
  54  4:41  Probe  
  54  4:42  Probe  
  56  4:49  Probe  
  57  4:53  Probe  
  57  4:55  Probe  
  57  5:00  Oracle  
  57  5:01  Stalker, Probe  
  57  5:04  Gateway  
  57  5:05  Probe  
  63  5:07  Probe  
  63  5:13  Probe  
  64  5:17  Probe  
  64  5:20  Probe  
  66  5:23  Stalker  
  68  5:29  Probe x2  
  68  5:31  Stalker x2  
  68  5:32  Zealot  
  68  5:33  Probe  
  73  5:41  Probe  
  72  5:43  Probe  
  72  5:45  Probe  
  72  5:46  Gateway  
  72  5:49  Pylon  
  74  5:51  Assimilator  
  74  5:53  Assimilator  
  74  5:55  Nexus  
  74  5:56  Assimilator  
  74  5:57  Pylon  
  74  6:01  Assimilator  
  74  6:03  Stalker  
  76  6:04  Probe  
  76  6:07  Probe  
  78  6:13  Probe  
  78  6:16  Probe  
  80  6:19  Stalker x4  
  80  6:20  Probe  
  80  6:23  Pylon  
  80  6:25  Probe  
  90  6:28  Probe, Forge  
  90  6:30  Forge  
  90  6:32  Probe  
  92  6:37  Probe  
  93  6:41  Pylon, Probe  
  93  6:42  Pylon  
  93  6:44  Gateway  
  93  6:46  Gateway  
  94  6:50  Templar Archives, Zealot  
  94  6:52  Probe x2  
  98  6:58  Probe  
  99  7:03  Zealot x4  
  100  7:13  Probe x2  
  101  7:20  Stalker x2  
  101  7:21  Probe x2 (Chrono Boost)  
  102  7:25  Probe x2 (Chrono Boost)  
  102  7:33  Probe (Chrono Boost)  
  102  7:34  Probe (Chrono Boost)  
  104  7:41  Stalker x3, High Templar x2, Shield Battery  
  104  7:44  Shield Battery  
  114  7:46  Archon  
  114  7:48  Shield Battery  
  114  7:50  Shield Battery  
  114  7:53  Stalker  
  114  7:54  Stalker  
  116  8:01  Stalker  
  99  8:09  Stalker x3  
  92  8:16  Stalker  
  92  8:17  Stalker  
Show
View Real Time Build Order
Export as new Build Order

Solar Zerg - Winner!

Build Orders: Hatch First 

Get SALT Encoding   

  12  0:00  Drone  
  13  0:12  Overlord  
  13  0:16  Drone  
  14  0:30  Drone x2  
  16  0:50  Hatchery  
  16  0:52  Drone  
  16  0:55  Drone  
  17  0:58  Drone  
  18  1:10  Extractor  
  17  1:15  Spawning Pool  
  17  1:18  Drone  
  17  1:21  Drone  
  18  1:27  Drone  
  19  1:38  Drone  
  20  1:48  Overlord  
  20  2:02  Queen x2  
  20  2:03  Zergling x2  
  20  2:04  Zergling x2  
  26  2:12  Drone  
  26  2:13  Drone  
  28  2:15  Metabolic Boost  
  28  2:22  Drone  
  29  2:24  Drone  
  30  2:39  Hatchery  
  30  2:41  Drone  
  30  2:44  Zergling x2  
  30  2:49  Queen  
  33  2:54  Overlord  
  33  2:57  Drone  
  34  2:59  Drone  
  34  3:00  Drone  
  36  3:13  Drone x2  
  36  3:15  Drone x3  
  36  3:18  Queen  
  43  3:22  Overlord  
  43  3:24  Drone  
  44  3:29  Overlord  
  43  3:40  Overlord, Queen  
  45  3:44  Drone  
  45  3:45  Spore Crawler  
  45  3:46  Drone  
  45  3:47  Drone  
  48  3:48  Drone  
  48  3:53  Queen  
  50  3:56  Spore Crawler  
  50  4:00  Drone  
  50  4:01  Drone  
  50  4:02  Drone  
  52  4:06  Overlord  
  52  4:07  Drone  
  52  4:09  Drone  
  55  4:10  Drone  
  55  4:11  Drone  
  55  4:13  Drone  
  55  4:15  Drone  
  58  4:17  Drone  
  58  4:19  Drone x2  
  58  4:22  Zergling x2  
  58  4:23  Zergling x2  
  62  4:25  Zergling x4  
  62  4:27  Zergling x2  
  62  4:30  Drone  
  66  4:32  Queen  
  66  4:35  Zergling x2  
  66  4:37  Drone x2  
  71  4:38  Overlord  
  71  4:40  Drone  
  71  4:45  Lair  
  72  4:48  Roach Warren  
  72  4:49  Extractor  
  72  4:50  Drone  
  72  4:51  Extractor  
  72  4:52  Drone  
  71  4:58  Drone x2  
  71  4:59  Drone x2  
  74  5:00  Drone x2  
  74  5:04  Spore Crawler, Drone x2  
  76  5:07  Overlord  
  76  5:08  Drone  
  76  5:11  Drone x2  
  76  5:12  Drone  
  76  5:13  Drone  
  81  5:18  Drone  
  81  5:19  Drone  
  81  5:21  Extractor  
  81  5:23  Extractor  
  81  5:26  Evolution Chamber, Extractor  
  81  5:27  Drone x4  
  81  5:28  Drone x2  
  82  5:30  Drone  
  82  5:31  Drone  
  82  5:32  Drone  
  82  5:33  Drone  
  85  5:36  Drone  
  85  5:38  Drone  
  85  5:42  Drone  
  85  5:43  Glial Reconstitution  
  85  5:54  Zerg Missile Weapons Level 1  
  85  5:56  Overlord  
  86  5:57  Zergling x8  
  86  5:59  Overlord, Hatchery  
  86  6:00  Overlord  
  86  6:02  Overlord  
  88  6:04  Overlord  
  88  6:06  Overlord  
  88  6:12  Overlord  
  88  6:13  Zergling x4  
  88  6:14  Overlord  
  96  6:18  Roach x3  
  96  6:21  Roach  
  96  6:25  Roach x3  
  104  6:27  Roach x2  
  104  6:29  Roach  
  104  6:32  Roach  
  112  6:38  Roach x4  
  119  6:44  Roach  
  119  6:45  Roach x3  
  127  6:47  Roach  
  127  6:48  Roach  
  127  6:52  Roach  
  133  6:58  Roach x3  
  133  6:59  Roach  
  140  7:03  Roach x5  
  140  7:08  Roach  
  152  7:11  Roach x3  
  152  7:14  Overlord  
  155  7:15  Overlord  
  155  7:17  Zergling x2  
  155  7:21  Roach  
  155  7:22  Overlord  
  155  7:24  Overlord  
  155  7:25  Roach x2  
  158  7:31  Ravager x2, Overlord  
  158  7:32  Ravager x3  
  158  7:33  Ravager x5  
  158  7:34  Roach  
  158  7:35  Zergling x2  
  158  7:36  Roach  
  173  7:38  Ravager  
  173  7:39  Roach  
  173  7:40  Zergling x2  
  173  7:43  Roach  
  173  7:44  Ravager x2  
  181  7:45  Roach  
  181  7:47  Roach  
  181  7:50  Roach x2  
  189  7:52  Roach  
  188  7:58  Roach x3  
  188  7:59  Roach  
  188  8:01  Roach  
  188  8:02  Roach  
  195  8:05  Roach x2  
  188  8:14  Ravager  

Tags
 
Add a new tag
Caveats
  • Supply blocks, unpowered buildings, or Contaminate may cause inaccurate times.
  • Supply counts are checked every 10 seconds.